 Dungeon Crawl Stone Soup version 0.32-a0-909-gc671339a80 (webtiles) character file.

Game seed: 8595308372810643764

41572 Katthuttu the Severer (level 13, -2/178 HPs)
             Began as a Minotaur Fighter on Apr 6, 2024.
             Was a High Priest of Qazlal.
             Slain by an orc warlord
             ... wielding the +0 great sword "Viol" {flame, rPois MP+9}
              (13 damage)
             ... on level 10 of the Dungeon on Apr 7, 2024.
             The game lasted 02:07:48 (19281 turns).

Katthuttu the Severer (Minotaur Fighter)           Turns: 19281, Time: 02:07:51

Health: -2/178     AC: 18    Str: 24    XL:     13   Next: 80%
Magic:  15/15      EV:  9    Int:  5    God:    Qazlal [*****.]
Gold:   959        SH: 17    Dex: 12    Spells: 12/12 levels left

rFire   . . .        a - +8 war axe (heavy)
rCold   + . .        c - +3 buckler
rNeg    . . .        b - +0 scale mail
rPois   .            (helmet restricted)
rElec   .            (no cloak)
rCorr   .            w - +1 pair of gloves
SInv    .            (no boots)
Will    .....        T - amulet of regeneration Stlth
                     t - ring of protection from cold
HPRegen 1.29/turn    m - +4 ring of protection
MPRegen 0.14/turn

%: repel missiles
@: berserking, protected from physical damage, very quick
A: horns 2, retaliatory headbutt
a: Renounce Religion, Upheaval, Elemental Force, Disaster Area


You were on level 10 of the Dungeon.
You worshipped Qazlal.
Qazlal was extremely pleased with you.
You visited 6 branches of the dungeon, and saw 21 of its levels.

You collected 1668 gold pieces.
You spent 709 gold pieces at shops.

Inventory:

Hand Weapons
 a - a +8 heavy war axe (weapon)
 Q - the +2 battleaxe of Valiance {speed, rF+ rN+ rCorr}
   (You found it on level 1 of the Lair of Beasts)

   rF+:       It protects you from fire.
   rN+:       It protects you from negative energy.
   rCorr:     It protects you from acid and corrosion.
 S - a +2 shortbow of flaming
Missiles
 i - 2 boomerangs (quivered)
 k - 59 poisoned darts
 r - 3 atropa-tipped darts
 v - 3 curare-tipped darts
 z - 99 stones
 E - 2 darts of dispersal
 H - 9 large rocks
 K - 3 throwing nets
Armour
 b - a +0 scale mail (worn)
 c - a +3 buckler (worn)
 w - a +1 pair of gloves (worn)
Jewellery
 f - an amulet of reflection
 m - a +4 ring of protection (right hand)
 t - a ring of protection from cold (left hand)
 x - a ring of fire
 B - a ring of resist corrosion
 L - a ring of poison resistance
 T - an amulet of regeneration (around neck)
Talismans
 M - a beast talisman
Wands
 e - a wand of warping (3)
 D - a wand of polymorph (12)
 G - a wand of mindburst (22)
 J - a wand of flame (12)
 Z - a wand of paralysis (13)
Scrolls
 g - 3 scrolls of immolation
 h - a scroll of silence
 l - a scroll of enchant weapon
 o - a scroll of blinking
 p - 4 scrolls of teleportation
 y - 2 scrolls of torment {unknown}
 I - a scroll of amnesia {unknown}
 N - a scroll of acquirement
 O - 2 scrolls of vulnerability
 V - a scroll of revelation
 W - 3 scrolls of fog {unknown}
 X - 2 scrolls of summoning {unknown}
Potions
 d - 3 potions of might
 j - a potion of magic
 n - 9 potions of curing
 q - 3 potions of cancellation
 s - 2 potions of berserk rage
 A - a potion of brilliance
 C - 4 potions of heal wounds
 F - a potion of attraction
 P - a potion of degeneration {unknown}
 R - 3 potions of mutation
Miscellaneous
 U - a phial of floods


   Skills:
 + Level 12.6 Fighting
 + Level 17.3 Axes
 + Level 6.5 Throwing
 + Level 11.9 Armour
 + Level 13.7 Shields
 * Level 4.6 Invocations


You had 12 spell levels left.
You didn't know any spells.
Your spell library contained the following spells:

 Spells                   Type           Power      Damage    Failure   Level
 Foxfire                  Conj/Fire      0%         2x1d4     75%         1
 Magic Dart               Conj           0%         1d3       75%         1
 Blink                    Tloc           0%         N/A       87%         2
 Cigotuvi's Dreadful Rot  Necr/Alch/Air  0%         N/A       87%         2
 Lesser Beckoning         Tloc           0%         N/A       87%         2
 Momentum Strike          Conj/Tloc      0%         3d8       87%         2
 Searing Ray              Conj           0%         2d4       87%         2
 Static Discharge         Conj/Air       0%         3-3/arc   87%         2
 Call Canine Familiar     Summ           0%         N/A       98%         3
 Frozen Ramparts          Ice            0%         1d1       98%         3
 Ozocubu's Armour         Ice            0%         N/A       98%         3
 Sigil of Binding         Hex            0%         N/A       98%         3
 Airstrike                Air            0%         2d(0-16)  100%        4
 Animate Dead             Necr           0%         N/A       100%        4
 Dimensional Bullseye     Hex/Tloc       0%         N/A       100%        4
 Fulminant Prism          Conj/Alch      0%         3d5       100%        4
 Ignite Poison            Fire/Alch      0%         N/A       100%        4
 Borgnjor's Vile Clutch   Necr/Erth      0%         N/A       100%        5
 Freezing Cloud           Conj/Ice/Air   0%         6-21      100%        5
 Iskenderun's Battlesphe  Conj           0%         2d6       100%        5
 Metabolic Englaciation   Hex/Ice        0%         N/A       100%        5
 Silence                  Hex/Air        0%         N/A       100%        5
 Bombard                  Conj/Erth      0%         9d1       100%        6
 Death Channel            Necr           0%         N/A       100%        6
 Plasma Beam              Fire/Air       0%         2x1d10    100%        6
 Starburst                Conj/Fire      0%         6d3       100%        6
 Spellforged Servitor     Conj/Summ      0%         N/A       100%        7
 Polar Vortex             Ice            0%         N/A       100%        9


Dungeon Overview and Level Annotations

Branches:
Dungeon (13/15)            Temple (1/1) D:5            Lair (3/5) D:8
 Spider (1/4) Lair:2          Orc (2/2) D:10            Elf (1/3) Orc:2
  Swamp: Lair:2-3    Shoals: Lair:2-3    Vaults: D:13-14

Altars:
Ashenzari
Cheibriados
Dithmenos
Elyvilon
Fedhas
Gozag
Hepliaklqana
Kikubaaqudgha
Makhleb
Nemelex Xobeh
Okawaru
Qazlal
Ru
Sif Muna
Trog
Uskayaw
Vehumet
Wu Jian
Xom
Yredelemnul
Zin
The Shining One
Beogh

Shops:
Orc:2 **=[(

Portals:
Gauntlet: D:13

Annotations:
Lair:3 Fannar, Nergalle


Innate Abilities, Weirdness & Mutations

You have a pair of horns on your head.
You reflexively headbutt those who attack you in melee.


Message History

You climb upwards.
Welcome back to the Dungeon!
There is a staircase to the Orcish Mines, spattered with blood here.
The orc warlord attacks as it pursues you!
You block the orc warlord's attack.
You see here a +0 flail.
There is an open door here.
Items here: ))) [ ÷.
You hit the orc warlord.
You headbutt the orc warlord, but do no damage.
The orc warlord is lightly wounded.
You block the orc warlord's attack.
You slice the orc warlord!! Your headbutt misses the orc warlord.
The orc warlord is moderately wounded.
The orc warlord hits you with the +0 great sword "Viol"!!
The orc warlord burns you!
A red film seems to cover your vision as you go berserk!
You feel yourself moving faster!
You feel mighty!
The orc warlord hits you with the +0 great sword "Viol"!!
The orc warlord burns you!
You closely miss the orc warlord.
The orc warlord is moderately wounded.
You block the orc warlord's attack.
You slash the orc warlord!
You headbutt the orc warlord, but do no damage.
The orc warlord is heavily wounded.
The orc warlord hits you with the +0 great sword "Viol"!!
* * * LOW HITPOINT WARNING * * *
You feel protected from fire. The orc warlord burns you.
* * * LOW HITPOINT WARNING * * *
You hit the orc warlord. You headbutt the orc warlord!
The orc warlord is heavily wounded.
You slice the orc warlord!!
The orc warlord is severely wounded.
The orc warlord hits you with the +0 great sword "Viol"!!
* * * LOW HITPOINT WARNING * * *
Your resistance to fire fades away.
You feel protected from physical attacks.
The orc warlord burns you!
You die...

#....................))..).......
#...########.........)>......####
#...# #.................#...
#...# #######.#...........#...
>...# #ß...ß#[##########..#...
....# #.[)[.#)# #..#... ....#
#.)>).○.# #..#... ....# #..[).#o#
#..#... ....######ß...ß#@#
#..#.## ....[....#######.#
#..###.
.............###.##########......
.................................
######...........................
#.####...................... #.#
#....################## ###
####.# #.#


You could see an orc warlord (strong).

Vanquished Creatures
  A stone giant (Orc:2)
  An ettin (D:10)
  2 ogre magi (Orc:2)
  A boulder beetle (D:11)
  9 two-headed ogres
  A skyshark (Lair:3)
  An iron troll (Orc:2)
  A deep troll (Orc:2)
  An obsidian statue (D:10)
  Pikel (D:4)
  3 orc knights
  A lindwurm (Lair:1)
  2 cyclopes
  A wolf spider (Lair:2)
  An orc sorcerer (Orc:1)
  A black mamba (Lair:2)
  2 manticores (D:11)
  2 kobold blastminers (Orc:1)
  An ice statue (D:10)
  8 cane toads
  2 unseen horrors
  2 kobold demonologists (D:11)
  2 rime drakes
  Jeremiah (D:7)
  8 komodo dragons
  2 polar bears
  10 trolls
  5 blink frogs
  5 shadows
  5 wyverns
  26 yaks
  A vampire (D:10)
  A basilisk (Lair:1)
  3 vampire mosquitoes
  A warg (Orc:2)
  4 acid dragons
  12 water moccasins
  9 orc warriors
  A sky beast (D:8)
  22 ogres
  7 ice beasts
  13 wolves
  4 centaurs
  9 kobold brigands
  2 lemures
  A phantom (D:7)
  13 bullfrogs
  4 gnoll sergeants
  4 scorpions
  5 wights (D:7)
  2 howler monkeys
  6 bombardier beetles
  A hound (D:5)
  2 gnoll boudas
  6 orc priests
  2 sleepcaps
  Ijyb (D:5)
  10 orc wizards
  32 gnolls
  10 adders
  A shadow imp (D:5)
  6 dart slugs
  A ribbon worm (D:2)
  46 orcs
  10 ball pythons
  6 endoplasms
  2 giant cockroaches
  5 goblins
  10 hobgoblins
  5 jackals (D:1)
  4 quokkas
  9 bats
  A frilled lizard (D:3)
  18 kobolds
  4 rats
425 creatures vanquished.

Notes
Turn   | Place    | Note
-------+----------+-------------------------------------------
     0 | D:1      | Katthuttu the Minotaur Fighter began the quest for the Orb.
     0 | D:1      | Reached XP level 1. HP: 19/19 MP: 0/0
   151 | D:1      | Reached XP level 2. HP: 25/27 MP: 1/1
   242 | D:1      | Reached skill level 3 in Axes
   265 | D:2      | Reached XP level 3. HP: 32/33 MP: 2/2
   988 | D:2      | Reached XP level 4. HP: 40/40 MP: 3/3
  1323 | D:2      | Reached skill level 4 in Axes
  1803 | D:3      | Identified the +0 robe "Yskad" {Harm Will+ rCorr}
  1809 | D:3      | Reached skill level 1 in Throwing
  1809 | D:3      | Reached XP level 5. HP: 45/46 MP: 4/4
  1982 | D:2      | Reached skill level 5 in Axes
  2350 | D:3      | Found a stormy altar of Qazlal.
  2350 | D:3      | Found a shimmering altar of Xom.
  2357 | D:3      | Became a worshipper of Qazlal Stormbringer
  2442 | D:3      | Found a snail-covered altar of Cheibriados.
  2843 | D:4      | Reached XP level 6. HP: 35/53 MP: 5/5
  3205 | D:5      | Entered Level 5 of the Dungeon
  3244 | D:4      | Found a sacrificial altar of Ru.
  3557 | D:4      | Reached skill level 6 in Axes
  4089 | D:5      | Reached * piety under Qazlal
  4090 | D:5      | Reached skill level 5 in Armour
  4181 | D:5      | Noticed Ijyb
  4312 | D:5      | Noticed Pikel
  4367 | D:5      | Reached XP level 7. HP: 44/60 MP: 6/6
  4428 | D:5      | Found a staircase to the Ecumenical Temple.
  4470 | D:5      | Killed Ijyb
  4616 | D:5      | Reached skill level 7 in Axes
  5134 | Temple   | Entered the Ecumenical Temple
  5423 | D:5      | Reached skill level 5 in Shields
  5544 | D:4      | Reached skill level 5 in Fighting
  5544 | D:4      | Reached skill level 8 in Axes
  5988 | D:4      | Killed Pikel
  5989 | D:4      | Reached skill level 9 in Axes
  5989 | D:4      | Reached XP level 8. HP: 55/69 MP: 7/7
  6235 | D:6      | Reached skill level 10 in Axes
  7145 | D:6      | Reached XP level 9. HP: 75/75 MP: 8/8
  7230 | D:7      | Reached ** piety under Qazlal
  7380 | D:8      | Noticed a rime drake
  7384 | D:8      | Noticed a polar bear
  7393 | D:7      | Reached skill level 11 in Axes
  7456 | D:8      | Found a blossoming altar of Fedhas.
  7491 | D:7      | Noticed Jeremiah
  8211 | D:7      | Killed Jeremiah
  8212 | D:7      | Reached skill level 12 in Axes
  8804 | D:8      | Found a staircase to the Lair.
  8997 | D:8      | Reached XP level 10. HP: 80/86 MP: 9/9
  9448 | D:8      | Reached skill level 13 in Axes
  9448 | D:8      | Reached *** piety under Qazlal
  9685 | D:8      | Found a white marble altar of Elyvilon.
  9686 | D:8      | Found a glowing silver altar of Zin.
  9687 | D:8      | Found a glowing golden altar of the Shining One.
  9757 | D:10     | Entered Level 10 of the Dungeon
  9913 | Lair:1   | Entered Level 1 of the Lair of Beasts
  9920 | Lair:1   | Noticed a cane toad
 11033 | D:10     | Found a burning altar of Makhleb.
 11108 | D:10     | Noticed an obsidian statue
 11108 | D:10     | Noticed an ice statue
 11109 | D:10     | Noticed a rust devil
 11743 | D:10     | Found a staircase to the Orcish Mines.
 11789 | D:9      | Reached skill level 14 in Axes
 12371 | Orc:1    | Entered Level 1 of the Orcish Mines
 12384 | Orc:1    | Reached XP level 11. HP: 95/95 MP: 10/10
 12385 | Orc:1    | Noticed an orc knight
 12783 | Lair:1   | Noticed a lindwurm
 12795 | Lair:1   | Killed a lindwurm
 13126 | Lair:1   | Reached skill level 15 in Axes
 13126 | Lair:1   | Reached skill level 10 in Armour
 13221 | Lair:1   | Reached **** piety under Qazlal
 13266 | Lair:1   | Found a glowing silver altar of Zin.
 13297 | Lair:1   | Got the Catalogue of Flying Freezing
 13397 | Lair:1   | Reached skill level 10 in Shields
 13629 | Lair:1   | Identified the +2 battleaxe of Valiance {speed, rF+ rN+
                  | rCorr}
 13768 | Lair:1   | Reached skill level 10 in Fighting
 14000 | Lair:2   | Reached XP level 12. HP: 88/106 MP: 11/11
 14005 | Lair:2   | Reached skill level 16 in Axes
 14128 | Lair:2   | Found a hole to the Spider Nest.
 14638 | Spider:1 | Entered Level 1 of the Spider Nest
 15134 | Lair:3   | Noticed Fannar
 15149 | Lair:3   | Noticed a seven-headed hydra
 15243 | Lair:3   | Noticed Nergalle
 15374 | Lair:3   | Noticed an eight-headed hydra
 15753 | Orc:1    | Noticed an ettin
 16420 | D:11     | Noticed a boulder beetle
 16458 | D:11     | Killed a boulder beetle
 16503 | D:11     | Reached ***** piety under Qazlal
 16688 | D:11     | Reached skill level 5 in Throwing
 16961 | D:13     | Found a gate leading to a gauntlet.
 17565 | D:10     | Reached skill level 1 in Invocations
 17614 | D:10     | Killed an ettin
 17615 | D:10     | Reached XP level 13. HP: 31/112 MP: 12/12
 17795 | Orc:2    | Entered Level 2 of the Orcish Mines
 17871 | Orc:1    | Found a runed translucent gate.
 17871 | Orc:1    | Found a runed translucent gate.
 17871 | Orc:1    | Found a runed translucent gate.
 17877 | Orc:1    | Noticed Ecig's ghost (journeyman DrSh)
 17896 | Orc:1    | Identified the +0 great sword "Viol" {flame, rPois MP+9}
 17896 | Orc:1    | Identified the +1 plate armour "Maicudoy" {-Cast Regen+
                  | Dex+3}
 17896 | Orc:1    | Noticed an orc warlord
 18025 | Orc:1    | Found a roughly hewn altar of Beogh.
 18168 | Orc:2    | Found a staircase to the Elven Halls.
 18251 | Orc:2    | Found Tiusoolel's CLEARANCE SALE!.
 18381 | Orc:2    | Bought a potion of curing for 18 gold pieces
 18381 | Orc:2    | Bought 2 stones for 1 gold piece
 18402 | Orc:2    | Noticed a stone giant
 18420 | Orc:2    | Killed a stone giant
 18436 | Orc:2    | Reached skill level 17 in Axes
 18539 | Orc:2    | Found Emekom's Jewellery Boutique.
 18638 | Orc:2    | Found Vohik's Assorted Antiques.
 18639 | Orc:2    | Found Ithimm's Antique Armour Shoppe.
 18641 | Orc:2    | Bought a ring of poison resistance for 240 gold pieces
 18641 | Orc:2    | Bought an amulet of reflection for 360 gold pieces
 18648 | Orc:2    | Identified a scroll of acquirement
 18664 | Orc:2    | Found Ginnogil's Antique Weapon Shop.
 18705 | Orc:2    | Bought a scroll of teleportation for 90 gold pieces
 19002 | Elf:1    | Entered Level 1 of the Elven Halls
 19281 | D:10     | Slain by an orc warlord

Illustrated notes

Levels and vault maps discovered:
D:1:      minmay_arrival_widening_spiral_wide, layout_loops_cross,
          nicolae_grassy_gnolls
D:2:      layout_loops_ring, grunt_ministairs_1
D:3:      layout_loops_ring, cheibriados_altar_1,
          gammafunk_temple_overflow_statue
D:4:      layout_loops_cross, nicolae_ru_sacrificial_ziggurat,
          serial_library_hellmonk_secret_room
D:5:      layout_loops_corners, minmay_temple_entry_proselytizer, uniq_pikel,
          uniq_ijyb
D:6:      layout_basic, dk_noncrumbling_3
D:7:      layout_loops_ring, uniq_jeremiah
D:8:      layout_basic, good_gods_temple_1, fedhas_altar_1,
          hellmonk_lair_entry_icy, hangedman_abyss_or_decor_clamps
D:9:      layout_irregular_city
D:10:     layout_irregular_city, mainiacjoe_overflow_alcove_1,
          kennysheep_orc_monster_closet_entryway, david_greed
D:11:     layout_stronghold, chequers_serial_rivers_micro_e
D:12:     layout_long_grid, onia_ninara_dug_in_and_dangerous
D:13:     layout_basic, hellmonk_vaults_keyhole, gauntlet_entry_generic,
          special_room [special_room_orc], dancing_weapons_uskayaw
Temple:   dshaligram_water_room_temple
Lair:1:   layout_loops_ring, basic_altar
Lair:2:   layout_cave_pods, spider_nest_entry_web_field, beast_lair_carwin_1
Lair:3:   layout_big_grid, minmay_shoals_entry_centaurs, uniq_nergalle,
          uniq_fannar, uniq_josephine
Spider:1: layout_spider_delve, gammafunk_ghost_berserking_beasts, uniq_frances
Orc:1:    layout_diamond_mine, biasface_ghost_orc_armoury
Orc:2:    st_orc_open, layout_caves, nicolae_shop_clearance
Elf:1:    eino_elf_arrival_customs, layout_rooms, minmay_elf_demonology

Skill      XL: |  1  2  3  4  5  6  7  8  9 10 11 12 13 |
---------------+----------------------------------------+-----
Armour         | 4 5 6 7 8 9 10 11 | 11.9
Shields        | 4 5 6 8 10 12 13 | 13.7
Fighting       | 4 5 6 7 8 10 11 12 | 12.6
Axes           | 3 4 5 6 9 10 12 14 15 16 17 | 17.3
Throwing       | 1 2 3 5 6 |  6.5
Invocations    | 1 4 |  4.6

Action                     |  1- 3 |  4- 6 |  7- 9 | 10-12 | 13-15 || total
---------------------------+-------+-------+-------+-------+-------++-------
  Melee: War axe           |   105 |   149 |   247 |   470 |   126 ||  1097
         Headbutt          |     7 |    21 |    54 |   105 |    25 ||   212
  Throw: Stone             |     8 |    10 |       |       |       ||    18
         Boomerang         |       |     7 |    28 |    47 |    36 ||   118
  Evoke: Wand              |       |       |     3 |     1 |       ||     4
    Use: Potion            |       |     3 |       |       |     1 ||     4
         Scroll            |       |     6 |    13 |     8 |     5 ||    32
 Armour: Scale mail        |    75 |   109 |   159 |   387 |    83 ||   813
  Dodge: Dodged            |    41 |    57 |    72 |   141 |    34 ||   345
         Repelled          |       |       |       |     3 |     3 ||     6
  Block: Buckler           |    26 |    37 |   112 |   343 |    93 ||   611
         Form:             |     1 |       |       |       |       ||     1
         Beast             |     1 |       |       |       |       ||     1

Table legend: (Time is in decaauts)
 A = Elapsed time spent in this place.
 B = Non-inter-level travel time spent in this place.
 C = Inter-level travel time spent in this place.
 D = Time resting spent in this place.
 E = Time spent auto-exploring this place.
 F = Levels seen in this place.
 G = Mean time per level.
                   A        B        C        D        E       F      G
               +--------+--------+--------+--------+--------+-----+--------+
         Total |  19435 |  16506 |   2929 |   3584 |   8261 |  21 |  925.5 |
       Dungeon |  14811 |  12546 |   2265 |   2706 |   6328 |  13 | 1139.3 |
        Temple |      5 |      5 |      0 |      0 |      4 |   1 |    5.0 |
          Lair |   3042 |   2783 |    259 |    805 |   1225 |   3 | 1014.0 |
   Spider Nest |      1 |      1 |      0 |      0 |      0 |   1 |    1.0 |
  Orcish Mines |   1560 |   1155 |    405 |     73 |    704 |   2 |  780.0 |
   Elven Halls |     13 |     13 |      0 |      0 |      0 |   1 |   13.0 |
               +--------+--------+--------+--------+--------+-----+--------+

Top non-repeatable levels by time:
    D:10: 1806 daAuts
     D:7: 1560 daAuts
     D:6: 1554 daAuts
  Lair:1: 1542 daAuts
     D:5: 1438 daAuts
     D:9: 1403 daAuts
  Lair:2: 1313 daAuts
    D:11: 1312 daAuts
     D:2: 1281 daAuts
     D:8: 1219 daAuts
     D:4: 1219 daAuts
     D:1: 992 daAuts
   Orc:2: 925 daAuts
     D:3: 917 daAuts
   Orc:1: 635 daAuts
